 Dungeon Crawl Stone Soup version 0.24-a0-613-g1ff6aac338 (webtiles) character file.

Game seed: 12370556861485136378, levelgen mode: deterministic

567 Arang the Sneak (level 7, 0/48 HPs)
             Began as a Spriggan Enchanter on Sept 11, 2019.
             Was an Initiate of Dithmenos.
             Succumbed to Eustachio's poison
             ... on level 5 of the Dungeon.
             The game lasted 00:18:35 (5369 turns).

Arang the Sneak (Spriggan Enchanter)                Turns: 5369, Time: 00:18:36

Health: 0/48       AC: 23    Str:  6    XL:     7   Next: 11%
Magic:  10/14      EV:  4    Int: 17    God:    Dithmenos [......]
Gold:   283        SH:  0    Dex: 16    Spells: 11/14 levels left

rFire    . . .     SeeInvis +   t - +3 short sword
rCold    . . .     Gourm    .   (shield restricted)
rNeg     + + +     Faith    .   (armour currently unavailable)
rPois    +         Spirit   .   (helmet currently unavailable)
rElec    .         Reflect  .   (cloak currently unavailable)
rCorr    +         Harm     .   (gloves unavailable)
MR       +....     NoTele   +   (boots unavailable)
Stlth    ++++......             (no amulet)
HPRegen  0.16/turn              g - ring of resist corrosion
MPRegen  0.14/turn              (no ring)

@: lethally poisoned (0 -> -18), tree-form
A: very small, unfitting armour, see invisible, herbivore, slow metabolism 2
a: Renounce Religion


You were on level 5 of the Dungeon.
You worshipped Dithmenos.
Dithmenos was noncommittal.
You were hungry.
You were a tree.
You visited 2 branches of the dungeon, and saw 6 of its levels.

You collected 283 gold pieces.

Inventory:

Hand Weapons
 a - a +1 dagger
 h - a +0 spear
 j - a +0 hunting sling
 t - a +3 short sword (weapon)
 u - a +2 vampiric dagger
Missiles
 f - 130 stones (quivered)
 l - 18 sling bullets
Armour
 b - a +0 robe (melded)
 r - a +1 cloak (melded)
Jewellery
 g - a ring of resist corrosion (left branch)
 o - an uncursed ring of magical power {unknown}
Wands
 p - a wand of scattershot (7)
 s - a wand of digging (4)
Scrolls
 e - a scroll of fear {unknown}
 i - 3 scrolls of identify
 k - 2 scrolls of enchant armour {unknown}
 n - a scroll of enchant weapon {unknown}
Potions
 c - a potion of brilliance
 q - a potion of agility
Comestibles
 d - 3 rations


   Skills:
 + Level 0.9 Fighting
 + Level 3.2 Short Blades
 + Level 3.9 Dodging
 + Level 6.9 Stealth
 + Level 4.4 Spellcasting
 + Level 4.9 Hexes
 * Level 2.8 Ice Magic


You had 11 spell levels left.
You knew the following spells:

 Your Spells              Type           Power        Failure   Level  Hunger
a - Corona                Hex            ###....      1%          1    None
b - Ensorcelled Hibernat  Hex/Ice        ###...       4%          2    ##.....

Your spell library contained the following spells:

 Spells                   Type           Power        Failure   Level  Hunger
 Confusing Touch          Hex            ###...       1%          1    None
 Confuse                  Hex            ###.....     6%          3    ###....
 Tukima's Dance           Hex            ###.....     6%          3    ###....
 Animate Skeleton         Necr           N/A          16%         1    None
 Apportation              Tloc           #.....       16%         1    None
 Summon Small Mammal      Summ           #...         16%         1    None
 Dazzling Spray           Conj/Hex       ##....       16%         3    ###....


Dungeon Overview and Level Annotations

Branches:
Dungeon (5/15)             Temple (1/1) D:4

Altars:
Ashenzari
Dithmenos
Fedhas
Hepliaklqana
Kikubaaqudgha
Nemelex Xobeh
Okawaru
Qazlal
Ru
Sif Muna
Trog
Uskayaw
Wu Jian
Yredelemnul
Zin

Annotations:
D:1 exclusion: downstairs
D:3 exclusion: downstairs
D:5 Eustachio


Innate Abilities, Weirdness & Mutations

You are very small and have problems with some larger weapons.
You are too small for most types of armour.
You have supernaturally acute eyesight. (SInv)
You are a herbivore.
((You cover ground extremely quickly.))
You need to consume almost no food.


Message History

You feel sick. The bat hits you but does no damage.
The bat completely misses you.
The giant cockroach bites you but does no damage.
Eustachio casts a spell.
The quokka bites you but does no damage.
The giant cockroach barely misses you.
Casting: Ensorcelled Hibernation (safe; 4% risk of failure)
Confirm with . or Enter, or press ? or * to list all spells.
Aiming: Ensorcelled Hibernation (safe; 4% risk of failure)
Press: ? - help, Shift-Dir - straight line, f/p - Eustachio
Aim: Eustachio, wielding a +5 rapier of venom and wearing a +0 leather armour (almost dead, not susceptible) Eustachio is unaffected.
* * * LOW HITPOINT WARNING * * *
You feel sick. The bat hits you but does no damage.
Eustachio hits you but does no damage. The bat hits you but does no damage.
The quokka bites you but does no damage.
The giant cockroach bites you but does no damage.
You closely miss Eustachio.
Eustachio is almost dead.
You die...

.≈≈ ..≈#
....#
♣...#####
........#
#.....#
#.....#
.###..b..#
......s♣r#
.....b.@.#
.......r.#
.........#
.........#
$..(....?#
.........#
........<#
........#


You could see Eustachio, 2 quokkas, a giant cockroach and 2 bats.

Vanquished Creatures
  An ogre (D:3)
  A scorpion (D:4)
  A howler monkey (D:3)
  A hound (D:3)
  2 orc priests (D:4)
  3 orc wizards
  Crazy Yiuf (D:3)
  A bullfrog skeleton (D:4)
  A worker ant (D:3)
  5 adders
  An ooze (D:1)
  2 worms
  3 dart slugs
  3 leopard geckos
  13 orcs
  A giant cockroach (D:3)
  2 hobgoblins (D:1)
  4 jackals
  2 quokkas
  A ball python (D:2)
  7 bats
  9 frilled lizards
  5 goblins
  4 kobolds
  10 rats
84 creatures vanquished.

Notes
Turn   | Place    | Note
-------+----------+-------------------------------------------
     0 | D:1      | Arang the Spriggan Enchanter began the quest for the Orb.
     0 | D:1      | Reached XP level 1. HP: 9/9 MP: 5/5
   644 | D:1      | Reached XP level 2. HP: 10/13 MP: 6/6
   710 | D:1      | Learned a level 2 spell: Ensorcelled Hibernation
  1329 | D:1      | Reached XP level 3. HP: 10/16 MP: 8/8
  1510 | D:2      | Reached skill level 5 in Stealth
  1616 | D:2      | Found a stormy altar of Qazlal.
  1659 | D:2      | Found an ornate altar of the Wu Jian Council.
  1660 | D:2      | Found a basalt altar of Yredelemnul.
  1691 | D:2      | Reached skill level 1 in Ice Magic
  1694 | D:2      | Reached XP level 4. HP: 15/21 MP: 9/9
  2284 | D:3      | Found a blossoming altar of Fedhas.
  2304 | D:3      | Noticed an oklob plant
  2472 | D:3      | Found a runed translucent door.
  2473 | D:3      | Noticed Crazy Yiuf
  2899 | D:3      | Killed Crazy Yiuf
  3002 | D:4      | Found a staircase to the Ecumenical Temple.
  3015 | D:4      | Noticed an ogre
  3020 | D:4      | Reached XP level 5. HP: 17/24 MP: 9/11
  3141 | D:3      | Reached skill level 6 in Stealth
  3565 | D:4      | Reached XP level 6. HP: 28/29 MP: 5/12
  3736 | Temple   | Entered the Ecumenical Temple
  3796 | Temple   | Became a worshipper of Dithmenos the Shadowed
  4901 | D:4      | Found a shimmering blue altar of Sif Muna.
  4976 | D:4      | Reached XP level 7. HP: 32/32 MP: 14/14
  5342 | D:5      | Entered Level 5 of the Dungeon
  5344 | D:5      | Noticed Eustachio
  5368 | D:5      | HP: 1/48 [poisoned by Eustachio]
  5369 | D:5      | Succumbed to Eustachio's poison

Levels and vault maps discovered:
D:1:      wander_arrival_chamber, layout_loops_ring
D:2:      layout_rooms, chequers_temple_overflow_statue_of_worship
D:3:      layout_basic, tgw_fedhas, uniq_crazy_yiuf_cottage
D:4:      layout_rooms, lemuel_coloured_pillars_altar,
          minmay_temple_entry_crystal_x, dk_rats_in_the_wall
D:5:      layout_basic, elyvilon_altar_4, kennysheep_little_box, first_ration,
          portal_sewer_entry_d, guppyfry_early_lair_pool, uniq_eustachio
Temple:   eino_temple_lava

Skill      XL: |  1  2  3  4  5  6 |
---------------+-------------------+-----
Hexes          | 4 |  4.9
Spellcasting   | 3 4 |  4.4
Stealth        | 5 6 |  6.9
Short Blades   | 2 3 |  3.2
Ice Magic      | 1 2 |  2.8
Fighting       | |  0.9
Dodging        | |  3.9

Action                   |  1- 3 |  4- 6 |  7- 9 || total
-------------------------+-------+-------+-------++-------
Melee: Dagger            |   137 |   185 |       ||   322
       Short sword       |       |     7 |    17 ||    24
Throw: Stone             |       |     2 |       ||     2
 Cast: Corona            |     4 |     2 |       ||     6
       Ensorcelled Hiber |     4 |    39 |     9 ||    52
  Use: Scroll            |       |     3 |       ||     3
       Potion            |       |       |     1 ||     1
 Stab: Sleeping          |    10 |    31 |     3 ||    44
  Eat: Ration            |       |     2 |       ||     2
Armor: Robe              |    14 |    17 |     4 ||    35
       Skin              |       |       |    24 ||    24
Dodge: Dodged            |   130 |   141 |    27 ||   298

Table legend:
 A = Non-vault XP
 B = Vault XP
 C = Vault XP percentage of total XP
 D = Non-vault monster count
 E = Vault monster count
 F = Vault count percentage of total count
                 A         B        C        D         E       F
            +---------+---------+-------+---------+---------+-------
      Total |     771 |      40 |   4.9 |      83 |       1 |   1.2
            +---------+---------+-------+---------+---------+-------
        D:1 |      44 |       0 |   0.0 |      23 |       0 |   0.0
        D:2 |      62 |       0 |   0.0 |      17 |       0 |   0.0
        D:3 |     370 |      40 |   9.8 |      31 |       1 |   3.1
        D:4 |     295 |       0 |   0.0 |      12 |       0 |   0.0
            +---------+---------+-------+---------+---------+-------
